[Event "XVI Ugra Cup 2020"]
[Site "Khanty-Mansiysk"]
[Date "2020.12.08"]
[Round "9.5"]
[White "Afanasiev, Nikita"]
[Black "Obgolts, Erik"]
[Result "1/2-1/2"]
[ECO "B12"]
[WhiteElo "2519"]
[BlackElo "2371"]
[Annotator "ChessBase"]
[PlyCount "73"]
[EventDate "2020.11.30"]
[EventType "swiss"]
[EventCountry "RUS"]
[SourceTitle "playchess.com"]
[Source "ChessBase"]
[SourceQuality "1"]
[TimeControl "5400+30"]

1. e4 c6 2. d4 d5 3. e5 c5 4. dxc5 e6 5. a3 Bxc5 6. Nf3 Ne7 7. Bd3 Ng6 8. b4 Be7 9. O-O Nc6 10. Re1 O-O 11. Nbd2 Bd7 12. Nb3 Qc7 13. Qe2 Be8 14. Rb1 a5 15. b5 a4 16. bxc6 axb3 17. cxb7 Qxb7 18. Rxb3 Qc7 19. h4 Ba4 20. Rb1 Rfc8 21. h5 Nf8 22. Nd4 Nd7 23. Bf4 Qc3 24. Nb5 Bxb5 25. Rxb5 Nc5 26. Bd2 Qxa3 27. Bb4 Qa7 28. Bxc5 Rxc5 29. Rxc5 Bxc5 30. g3 Qa4 31. Rb1 Qa7 32. Kg2 Rb8 33. Rf1 Qa2 34. Bb5 Qb2 35. Bd3 Qa2 36. Bb5 Qb2 37. Bd3 1/2-1/2

[Event "XVI Ugra Cup 2020"]
[Site "Khanty-Mansiysk"]
[Date "2020.12.08"]
[Round "9.6"]
[White "Maltsevskaya, Aleksandra"]
[Black "Iljiushenok, Ilia"]
[Result "0-1"]
[ECO "B91"]
[WhiteElo "2248"]
[BlackElo "2539"]
[Annotator "ChessBase"]
[PlyCount "102"]
[EventDate "2020.11.30"]
[EventType "swiss"]
[EventCountry "RUS"]
[SourceTitle "playchess.com"]
[Source "ChessBase"]
[SourceQuality "1"]
[TimeControl "5400+30"]

1. e4 c5 2. Nf3 d6 3. d4 cxd4 4. Nxd4 Nf6 5. Nc3 a6 6. g3 g6 7. Bg2 Bg7 8. O-O O-O 9. h3 Nc6 10. Be3 Nd7 11. Nce2 Qc7 12. b3 Nxd4 13. Bxd4 Bxd4 14. Nxd4 e5 15. Ne2 b5 16. Qd2 Rd8 17. Rac1 Nb6 18. g4 Bb7 19. Qg5 Rd7 20. Ng3 Qd8 21. Qe3 Rc8 22. Rfd1 Na8 23. c4 bxc4 24. bxc4 Nb6 25. Qb3 Bc6 26. Qa3 Na4 27. Rd2 Nc5 28. Rcd1 Rb8 29. Kh2 a5 30. Qe3 Rb4 31. Rc1 Ne6 32. Rc3 Kg7 33. Rc1 Qb6 34. Qf3 Rb2 35. Rcd1 Rxd2 36. Rxd2 Qb4 37. Qd1 Ba4 38. Qc1 Rc7 39. Bf1 h6 40. Rd5 Nf4 41. Rd2 Qc5 42. Qc3 Bd7 43. Qe3 Rb7 44. Ne2 Ne6 45. Nc3 Nd4 46. Ne2 Qxc4 47. Nxd4 Qxf1 48. Ne2 Rb1 49. Qf3 Re1 50. Kg3 Be6 51. Qe3 Bc4 0-1

[Event "XVI Ugra Cup 2020"]
[Site "Khanty-Mansiysk"]
[Date "2020.12.08"]
[Round "9.7"]
[White "Matinian, Nikita"]
[Black "Tunik, Sergey"]
[Result "1-0"]
[ECO "C15"]
[WhiteElo "2470"]
[BlackElo "2128"]
[Annotator "ChessBase"]
[PlyCount "61"]
[EventDate "2020.11.30"]
[EventType "swiss"]
[EventCountry "RUS"]
[SourceTitle "playchess.com"]
[Source "ChessBase"]
[SourceQuality "1"]
[TimeControl "5400+30"]

1. e4 e6 2. d4 d5 3. Nc3 Bb4 4. Nge2 dxe4 5. a3 Be7 6. Nxe4 Nd7 7. Nf4 Ngf6 8. Bd3 e5 9. Nh5 Nxh5 10. Qxh5 O-O 11. h4 f5 12. Ng5 Nf6 13. Bc4+ Kh8 14. Nf7+ Rxf7 15. Qxf7 exd4 16. Bg5 b5 17. Ba2 Qf8 18. O-O-O Qxf7 19. Bxf7 Bb7 20. Rhe1 Bc5 21. Re5 Nd7 22. Rxf5 h6 23. Bf4 Be4 24. Bd5 Bxf5 25. Bxa8 d3 26. cxd3 Bxf2 27. g3 Nc5 28. Kc2 Ne6 29. Rf1 Bb6 30. Be5 Bg6 31. Bd5 1-0

[Event "XVI Ugra Cup 2020"]
[Site "Khanty-Mansiysk"]
[Date "2020.12.08"]
[Round "9.8"]
[White "Schekachikhin, Maksim"]
[Black "Fomkin, Dmitry"]
[Result "1-0"]
[ECO "A11"]
[WhiteElo "2416"]
[BlackElo "1949"]
[Annotator "ChessBase"]
[PlyCount "73"]
[EventDate "2020.11.30"]
[EventType "swiss"]
[EventCountry "RUS"]
[SourceTitle "playchess.com"]
[Source "ChessBase"]
[SourceQuality "1"]
[TimeControl "5400+30"]

1. c4 c6 2. Nf3 d5 3. e3 Nf6 4. Nc3 e6 5. b3 Nbd7 6. Bb2 Bd6 7. d4 O-O 8. Bd3 b6 9. O-O Bb7 10. Qc2 c5 11. cxd5 exd5 12. Rfd1 Qe7 13. Bf5 Rfd8 14. Rac1 a6 15. Ne2 Ne4 16. Ng3 Ndf6 17. dxc5 bxc5 18. Bxe4 dxe4 19. Bxf6 Qxf6 20. Nxe4 Qg6 21. Nxd6 Rxd6 22. Rxd6 Qxd6 23. Qxc5 Qg6 24. Qg5 Qe4 25. h3 h6 26. Qg4 Qd3 27. Nd4 g6 28. Qf4 Bd5 29. Qxh6 Qd2 30. Rc5 Be4 31. Qf4 Bd3 32. Rc7 Rf8 33. Qf6 Be4 34. Qe5 Qd3 35. Ne6 f6 36. Rg7+ Kh8 37. Qc7 1-0

[Event "XVI Ugra Cup 2020"]
[Site "Khanty-Mansiysk"]
[Date "2020.12.08"]
[Round "9.9"]
[White "Mongush, Kezhik"]
[Black "Vetokhin, Savva"]
[Result "0-1"]
[ECO "E32"]
[WhiteElo "1942"]
[BlackElo "2317"]
[Annotator "ChessBase"]
[PlyCount "97"]
[EventDate "2020.11.30"]
[EventType "swiss"]
[EventCountry "RUS"]
[SourceTitle "playchess.com"]
[Source "ChessBase"]
[SourceQuality "1"]
[TimeControl "5400+30"]

1. d4 Nf6 2. c4 e6 3. Nc3 Bb4 4. Qc2 O-O 5. Nf3 b6 6. g3 Bb7 7. Bg2 d6 8. O-O Bxc3 9. Qxc3 Nbd7 10. b3 Qe7 11. Bb2 Ne4 12. Qc2 f5 13. Nd2 Ndf6 14. f3 Nxd2 15. Qxd2 Rad8 16. Rae1 e5 17. e4 fxe4 18. fxe4 Nd7 19. Rxf8+ Rxf8 20. Bh3 Nf6 21. Bg2 Ng4 22. h3 Nf6 23. dxe5 dxe5 24. Qc3 Qc5+ 25. Kh2 Qf2 26. Rf1 Qe2 27. Re1 Qh5 28. Bf3 Qh6 29. Qxe5 Bc8 30. Kg1 Bxh3 31. Bc1 Qg6 32. Bf4 Bg4 33. Bg2 Nh5 34. Qd5+ Be6 35. Qe5 Bh3 36. Re2 Nxf4 37. gxf4 Qg4 38. Rd2 h6 39. f5 Qg5 40. Qd4 h5 41. Kf1 Bg4 42. Qd5+ Kh7 43. Kg1 h4 44. Kh2 Qf4+ 45. Kg1 h3 46. Bh1 Qg3+ 47. Kf1 h2 48. Bg2 Bh3 49. e5 0-1

[Event "XVI Ugra Cup 2020"]
[Site "Khanty-Mansiysk"]
[Date "2020.12.08"]
[Round "9.10"]
[White "Rozum, Ivan"]
[Black "Makov, Artem"]
[Result "1-0"]
[ECO "A11"]
[WhiteElo "2563"]
[BlackElo "1883"]
[Annotator "ChessBase"]
[PlyCount "45"]
[EventDate "2020.11.30"]
[EventType "swiss"]
[EventCountry "RUS"]
[SourceTitle "playchess.com"]
[Source "ChessBase"]
[SourceQuality "1"]
[TimeControl "5400+30"]

1. c4 c6 2. Nf3 d5 3. g3 Nf6 4. Bg2 Bf5 5. O-O e6 6. cxd5 exd5 7. d3 h6 8. Qb3 Qb6 9. Qc2 Be7 10. Nc3 O-O 11. e4 dxe4 12. dxe4 Bh7 13. Be3 Qa5 14. Nd4 Ng4 15. Bf4 Qb4 16. Rad1 Bg5 17. a3 Qb6 18. Na4 Qa5 19. b4 Qa6 20. Bxb8 Raxb8 21. h3 Nf6 22. f4 Nd5 23. Qb3 1-0